 Dungeon Crawl Stone Soup version 0.21.1-1-g345015fe64 (webtiles) character file.

42 Htamos the Magician (level 3, -7/23 HPs)
             Began as an Octopode Wizard on July 12, 2018.
             Killed by divine providence
             ... invoked by an orc priest
              (11 damage)
             ... on level 2 of the Dungeon.
             The game lasted 00:03:16 (1924 turns).

Htamos the Magician (Octopode Wizard)               Turns: 1924, Time: 00:03:17

Health: -7/23      AC:  1    Str:  6    XL:     3   Next: 54%
Magic:  7/7        EV: 13    Int: 21    God:
Gold:   147        SH:  0    Dex: 10    Spells: 7/8 levels left

rFire    . . .     SeeInvis .   g - +0 dagger
rCold    . . .     Gourm    .   (no shield)
rNeg     . . .     Faith    .   a - +0 hat
rPois    .         Spirit   .   (no amulet)
rElec    .         Reflect  .   (no ring)
rCorr    .         Harm     .   (no ring)
MR       .....                  (no ring)
Stlth    +++.......             (no ring)
HPRegen  0.07/turn              (no ring)
MPRegen  0.10/turn              (no ring)
                                (no ring)
                                (no ring)

@: no status effects
A: almost no armour, stealthy swim, amphibious, 8 rings, constrict 8, camouflage
1, gelatinous body 1
a: no special abilities


You were on level 2 of the Dungeon.
You were not hungry.

You visited 1 branch of the dungeon, and saw 2 of its levels.

You collected 147 gold pieces.

Inventory:

Hand Weapons
 g - a +0 dagger (weapon)
Missiles
 e - 26 stones (quivered)
 f - a throwing net
Armour
 a - a +0 hat (worn)
Scrolls
 d - a scroll of enchant armour {unknown}
 h - a scroll of teleportation {unknown}
Books
 b - a book of Minor Magic

   Spells                             Type                      Level
   a - Magic Dart                     Conjuration                  1
   b - Blink                          Translocation                2
   c - Call Imp                       Summoning                    2
   d - Slow                           Hexes                        2
   e - Conjure Flame                  Conjuration/Fire             3
   f - Mephitic Cloud                 Conjuration/Poison/Air       3
Comestibles
 c - 2 rations


   Skills:
 - Level 1.1 Fighting
 + Level 2.7 Short Blades
 - Level 2.0 Dodging
 - Level 2.6 Stealth
 - Level 3.0 Spellcasting
 - Level 1.0 Conjurations
   Level 1.0 Summonings
   Level 1.0 Translocations


You had 7 spell levels left.
You knew the following spells:

 Your Spells              Type           Power        Failure   Level  Hunger
a - Magic Dart            Conj           #...         9%          1    None


Dungeon Overview and Level Annotations

Branches:
Dungeon (2/15)

Altars:


Innate Abilities, Weirdness & Mutations

You cannot wear most types of armour.
You are very stealthy in the water. (Stealth+)
You are amphibious.
You can wear up to eight rings at the same time.
You can use your tentacles to constrict eight enemies at once.
Your skin changes colour to match your surroundings (Stealth+).
Your rubbery body absorbs attacks. (AC +1, EV +1)


Message History

You constrict the orc priest, but do no damage.
The orc priest hits you with a falchion!
You hit the orc priest but do no damage.
You constrict the orc priest, but do no damage.
The orc priest hits you with a falchion.
You hit the orc priest.
The orc priest is lightly wounded.
You constrict the orc priest. You barely miss the orc priest.
The orc priest is lightly wounded.
You constrict the orc priest.
The orc priest mumbles some strange prayers to Beogh against you.
Beogh smites you!
* * * LOW HITPOINT WARNING * * *
You release your grip on the orc priest.
You closely miss the orc priest. Your grab misses the orc priest.
The orc priest is moderately wounded.
The orc priest mumbles some strange prayers to Beogh against you.
Beogh smites you!
You die...

#..#.#.......##.#.......#.# ≈
#..#.#.......##.#..#.##.#.#
..#..#.#.......##.#.#<..#.#.#
...(.#.#.....).##.#.....#.#.#
####...#.......##.####..#.#.#
#...#.......##.# ##.#.#.#
#...#.....o.##.# #..#.#.#
#.#.#......o##.# ##.##.#.#
#..>'......So@.# #.....#.#
#####.......############.#
######### #.........#
###########


You could see an orc priest, an orc wizard, an adder and an orc.

Vanquished Creatures
  An adder (D:2)
  An ooze (D:1)
  A dart slug (D:1)
  3 bats
  A giant cockroach (D:1)
  6 goblins (D:1)
  3 hobgoblins
  3 kobolds
  A ball python (D:1)
  A frilled lizard (D:1)
  3 rats
  A fungus (D:1)
25 creatures vanquished.

Notes
Turn   | Place    | Note
-------+----------+-------------------------------------------
     0 | D:1      | Htamos the Octopode Wizard began the quest for the Orb.
     0 | D:1      | Reached XP level 1. HP: 11/11 MP: 4/4
    81 | D:1      | Reached skill level 1 in Fighting
   319 | D:1      | Reached XP level 2. HP: 18/18 MP: 6/6
   355 | D:1      | Reached skill level 1 in Short Blades
   563 | D:1      | Reached XP level 3. HP: 18/23 MP: 7/7
  1924 | D:2      | Killed from afar by an orc priest

Skill      XL: |  1  2 |
---------------+-------+-----
Fighting       | 1 |  1.1
Short Blades   | 2 |  2.7
Dodging        | |  2.0
Stealth        | |  2.6
Spellcasting   | |  3.0
Conjurations   | |  1.0
Summonings     | |  1.0
Translocations | |  1.0

Action                   || total
-------------------------++-------
Melee: Dagger            ||    77
       Unarmed           ||     7
       Constrict         ||    15
       Tentacles         ||    10
 Cast: Magic Dart        ||    21
 Stab: Sleeping          ||     7
  Eat: Chunk             ||     3
Armor: Skin              ||     7
Dodge: Dodged            ||    45
